 Dungeon Crawl Stone Soup version 0.23.0 (webtiles) character file.

Game seed: 12461252434093987215

45038 chequers the Severer (level 13, -3/102 HPs)
             Began as a Demonspawn Gladiator on Feb 9, 2019.
             Was a Believer of Uskayaw.
             Splashed by an oklob plant's acid (8 damage)
             ... on level 6 of the Lair of Beasts.
             The game lasted 00:29:42 (18256 turns).

chequers the Severer (Demonspawn Gladiator)        Turns: 18256, Time: 00:29:42

Health: -3/102     AC:  0    Str: 24    XL:     13   Next: 99%
Magic:  0/32       EV: 13    Int: 10    God:    Uskayaw [**....]
Gold:   1103       SH:  0    Dex: 15    Spells: 12/12 levels left

rFire    + . .     SeeInvis .   a - +1 battleaxe (chop)
rCold    . . .     Gourm    .   (shield currently unavailable)
rNeg     . . .     Faith    .   i - +0 chain mail {MR+}
rPois    .         Spirit   +   c - +2 helmet
rElec    .         Reflect  .   T - scarf {Spirit}
rCorr    .         Harm     .   Q - +1 pair of gloves
MR       +....                  (no boots)
Stlth    ..........             A - amulet of regeneration
HPRegen  0.67/turn              M - +3 ring of evasion
MPRegen  0.23/turn              k - ring of magical power

@: mighty, corroded
A: talons 2, molten scales 3, foul stench 1, powered by death 2, rot immunity
a: Stomp, Line Pass, Renounce Religion


You were on level 6 of the Lair of Beasts.
You worshipped Uskayaw.
Uskayaw was pleased with you.
You were not hungry.

You visited 2 branches of the dungeon, and saw 18 of its levels.

You collected 1205 gold pieces.
You spent 102 gold pieces at shops.

Inventory:

Hand Weapons
 a - a +1 battleaxe of chopping (weapon)
 b - the +6 mace of Soill {freeze, rN++}
   (You found it on level 10 of the Dungeon)

   It has been specially enchanted to freeze those struck by it, causing extra
   injury to most foes and up to half again as much damage against particularly
   susceptible opponents.
   It can also slow down cold-blooded creatures.
   It greatly protects you from negative energy.
Missiles
 j - 2 javelins (quivered)
Armour
 c - a +2 helmet (worn)
 i - a +0 chain mail of magic resistance (worn)
 v - a +0 plate armour
 Q - a +1 pair of gloves (worn)
 T - a scarf of spirit shield (worn)
Jewellery
 k - a ring of magical power (right hand)
 A - an amulet of regeneration (around neck)
 M - a +3 ring of evasion (left hand)
 N - an uncursed ring of see invisible
 U - an uncursed ring of protection from magic
Wands
 u - a wand of enslavement (5)
 x - a wand of random effects (52)
 y - a wand of flame (17)
 z - a wand of disintegration (22)
 B - a wand of paralysis (13)
 H - a wand of digging (8)
 I - a wand of iceblast (8)
 O - a wand of polymorph (13)
Scrolls
 d - 8 scrolls of teleportation
 e - 6 scrolls of blinking {unknown}
 h - 6 scrolls of remove curse
 o - 2 scrolls of enchant armour
 p - 2 scrolls of immolation {unknown}
 q - a scroll of brand weapon {unknown}
 r - 2 scrolls of magic mapping
 t - a scroll of fear {unknown}
 D - 2 scrolls of amnesia
 F - 3 scrolls of fog
 R - a scroll of holy word
 W - 2 scrolls of identify
Potions
 g - a potion of mutation
 l - 2 potions of berserk rage {unknown}
 m - 4 potions of heal wounds
 n - a potion of resistance
 s - 7 potions of curing
 w - 4 potions of cancellation
 C - 4 potions of might
 G - a potion of degeneration {unknown}
 L - a potion of haste {unknown}
 S - a potion of ambrosia {unknown}
Miscellaneous
 E - a lamp of fire
 J - a phial of floods
 V - a phantom mirror
Comestibles
 f - 23 rations
 K - 2 chunks of flesh


   Skills:
 + Level 9.7 Fighting
 * Level 15.7 Axes
 - Level 1.7 Throwing
 + Level 8.7 Armour
 - Level 2.6 Dodging
 + Level 13.6 Invocations


You had 12 spell levels left.
You didn't know any spells.
Your spell library contained the following spells:

 Spells                   Type           Power        Failure   Level  Hunger
 Freeze                   Ice            #...         91%         1    ##.....
 Magic Dart               Conj           #...         91%         1    ##.....
 Sandblast                Erth           #.....       91%         1    ##.....
 Summon Small Mammal      Summ           #...         91%         1    ##.....
 Blink                    Tloc           N/A          97%         2    ###....
 Call Imp                 Summ           #.......     97%         2    ###....
 Passwall                 Tmut/Erth      #.......     97%         2    ###....
 Poisonous Vapours        Pois/Air       #.....       97%         2    ###....
 Slow                     Hex            #.......     97%         2    ###....
 Throw Frost              Conj/Ice       #.....       97%         2    ###....
 Call Canine Familiar     Summ           #.......     99%         3    ####...
 Conjure Flame            Conj/Fire      #.......     99%         3    ####...
 Mephitic Cloud           Conj/Pois/Air  #.......     99%         3    ####...
 Ozocubu's Armour         Chrm/Ice       #.......     99%         3    ####...
 Stone Arrow              Conj/Erth      #.....       99%         3    ####...
 Summon Guardian Golem    Hex/Summ       #.......     99%         3    ####...
 Petrify                  Tmut/Erth      #.......     100%        4    #####..
 Summon Ice Beast         Ice/Summ       #.......     100%        4    #####..
 Summon Lightning Spire   Summ/Air       #.......     100%        4    #####..
 Throw Icicle             Conj/Ice       #.......     100%        4    #####..
 Lee's Rapid Deconstruct  Erth           #.........   100%        5    ######.
 Freezing Cloud           Conj/Ice/Air   #.........   100%        6    #######
 Ring of Flames           Chrm/Fire      #.........   100%        7    #######


Dungeon Overview and Level Annotations

Branches:
Dungeon (12/15)            Temple (0/1) D:4            Lair (6/6) D:8
  Swamp (0/4) Lair:3       Spider (0/4) Lair:3          Orc (0/2) D:11
  Slime: Lair:5-6

Altars:
Dithmenos
Hepliaklqana
Ru
Trog
Uskayaw
Wu Jian
Xom
Yredelemnul
Zin
Beogh

Shops:
D:7 [

Annotations:
Lair:1 3 runed translucent doors, Wuochyse's ghost, journeyman DEWz
Lair:6 exclusion: 4 oklob plants


Innate Abilities, Weirdness & Mutations

You have razor-sharp toenails.
You are completely covered in molten scales. (AC +4, rF+)
You may emit foul miasma when damaged in melee.
You regenerate health from kills.
You are immune to rotting.


Message History

The oklob plant spits acid at you. The splash of acid hits you.
* * * LOW HITPOINT WARNING * * *
You are splashed with acid!
* * * LOW HITPOINT WARNING * * *
The oklob plant spits acid at you. The splash of acid hits you.
* * * LOW HITPOINT WARNING * * *
The acid corrodes you!
You are splashed with acid!
* * * LOW HITPOINT WARNING * * *
The oklob plant spits acid at you. The splash of acid hits you.
* * * LOW HITPOINT WARNING * * *
The acid corrodes you!
You are splashed with acid!
* * * LOW HITPOINT WARNING * * *
The oklob plant spits acid at you. The splash of acid hits you!
* * * LOW HITPOINT WARNING * * *
The acid corrodes you!
You are splashed with acid!
You die...

####### #|})P$# ##
#.P.$.# #####.##
#P$$P$# ##.......
#)....#
........#####@$$("# ###
............#.PPPP##
##.#
.P.........#.......#
#...
...........P......##
#.#.
............P..<...#
##..
...................#
#..
................PP..#
#..
..................P.###
#..
.....................#
##.


You could see 4 oklob plants.

Vanquished Creatures
  6 hydras
  A catoblepas (Lair:3)
  An unseen horror (D:11)
  4 lindwurms (Lair:6)
  An orb spider (Lair:3)
  4 black mambas
  Joseph (D:9)
  6 elephants (Lair:6)
  Psyche (D:8)
  10 spiny frogs
  3 rime drakes
  7 komodo dragons
  A troll (D:8)
  4 hornets (Lair:6)
  6 polar bears
  Prince Ribbit (D:8)
  16 blink frogs
  2 bog bodies (Lair:3)
  8 dream sheep
  11 hippogriffs
  13 spriggans (Lair:6)
  Sigmund (D:3)
  4 wyverns
  A basilisk (Lair:3)
  A hungry ghost (D:11)
  12 yaks
  2 swamp worms (Lair:3)
  7 water moccasins
  8 porcupines
  3 black bears
  5 sky beasts
  8 orc warriors
  3 phantoms
  A necrophage (D:11)
  An eye of draining (D:11)
  3 ogres
  61 wolves
  4 boggarts (Lair:6)
  4 centaurs
  13 crocodiles
  16 bullfrogs
  A scorpion (D:8)
  8 killer bees (D:11)
  5 electric eels
  5 wights (D:8)
  5 crimson imps
  4 howler monkeys
  2 quasits (D:9)
  2 bullfrog zombies
  7 hounds
  16 orc wizards
  4 orc priests
  6 jellies
  2 bullfrog skeletons (D:6)
  Terence (D:3)
  4 iguanas
  6 worker ants
  A killer bee zombie (D:5)
  A hound zombie (D:6)
  A hound skeleton (D:4)
  Robin (D:2)
  11 gnolls
  A howler monkey zombie (D:7)
  11 adders
  4 shadow imps
  3 oozes
  An adder skeleton (D:9)
  A worm (D:2)
  3 dart slugs
  8 leopard geckos
  54 orcs
  4 giant cockroaches
  4 hobgoblins
  20 jackals
  4 kobolds
  2 quokkas (D:6)
  5 bats
  6 frilled lizards
  14 goblins
  2 leopard gecko skeletons (D:5)
  A leopard gecko zombie (D:7)
  2 quokka skeletons
  A quokka zombie (D:5)
  13 rats
  8 fungi
  A plant (Lair:4)
531 creatures vanquished.

Vanquished Creatures (others)
  An orc wizard (D:6)
  An adder (D:8)
  2 fungi
  3 plants
7 creatures vanquished.

Grand Total: 538 creatures vanquished

Notes
Turn   | Place    | Note
-------+----------+-------------------------------------------
     0 | D:1      | chequers the Demonspawn Gladiator began the quest for the
                  | Orb.
     0 | D:1      | Reached XP level 1. HP: 16/16 MP: 1/1
   254 | D:1      | Reached skill level 3 in Axes
   505 | D:1      | Gained mutation: You are immune to rotting. [demonic
                  | ancestry]
   505 | D:1      | Reached XP level 2. HP: 22/22 MP: 2/2
  1130 | D:2      | Reached XP level 3. HP: 24/27 MP: 3/3
  1147 | D:2      | Reached skill level 4 in Axes
  1153 | D:2      | Noticed Robin
  1777 | D:2      | Gained mutation: You are partially covered in molten
                  | scales. (AC +2) [demonic ancestry]
  1777 | D:2      | Reached XP level 4. HP: 24/33 MP: 4/4
  1968 | D:2      | Killed Robin
  2286 | D:3      | Reached skill level 5 in Axes
  2310 | D:3      | Noticed Sigmund
  2356 | D:3      | Killed Sigmund
  2356 | D:3      | Reached skill level 6 in Axes
  2356 | D:3      | Gained mutation: You have sharp toenails. [demonic
                  | ancestry]
  2356 | D:3      | Reached XP level 5. HP: 38/38 MP: 5/5
  2474 | D:3      | Reached XP level 6. HP: 44/44 MP: 6/6
  2538 | D:3      | Found a faded altar of an unknown god.
  2549 | D:3      | Became a worshipper of Uskayaw the Reveler
  2549 | D:3      | Reached * piety under Uskayaw
  2758 | D:3      | Noticed Terence
  2770 | D:3      | Reached ** piety under Uskayaw
  2772 | D:3      | Killed Terence
  2886 | D:4      | Reached skill level 1 in Invocations
  2914 | D:4      | Reached *** piety under Uskayaw
  3098 | D:4      | Reached skill level 7 in Axes
  3288 | D:4      | Gained mutation: You regenerate a little health from kills.
                  | [demonic ancestry]
  3288 | D:4      | Reached XP level 7. HP: 48/50 MP: 8/8
  3345 | D:4      | Found a staircase to the Ecumenical Temple.
  3822 | D:5      | Entered Level 5 of the Dungeon
  3896 | D:5      | Reached **** piety under Uskayaw
  3948 | D:5      | Found a hazy altar of Hepliaklqana.
  3952 | D:5      | Found a shimmering altar of Xom.
  3957 | D:5      | Found a bloodstained altar of Trog.
  4563 | D:5      | Reached skill level 8 in Axes
  4580 | D:5      | Reached skill level 5 in Invocations
  4580 | D:5      | Gained mutation: You may emit foul miasma when damaged in
                  | melee. [demonic ancestry]
  4580 | D:5      | Reached XP level 8. HP: 46/56 MP: 11/11
  5365 | D:6      | Reached skill level 9 in Axes
  5899 | D:6      | Found a glowing silver altar of Zin.
  6100 | D:7      | Found Bymuomat's Armour Emporium.
  6113 | D:7      | Bought a +0 buckler of positive energy for 102 gold pieces
  6192 | D:7      | Found an ornate altar of the Wu Jian Council.
  6434 | D:7      | Reached skill level 10 in Axes
  6434 | D:7      | Gained mutation: You are mostly covered in molten scales.
                  | (AC +3) [demonic ancestry]
  6434 | D:7      | Reached XP level 9. HP: 61/61 MP: 14/14
  6440 | D:7      | Found a shadowy altar of Dithmenos.
  7151 | D:8      | Found a staircase to the Lair.
  7333 | D:8      | Noticed Prince Ribbit
  7342 | D:8      | Killed Prince Ribbit
  7342 | D:8      | Reached skill level 11 in Axes
  7461 | D:8      | Reached skill level 1 in Armour
  7461 | D:8      | Reached ***** piety under Uskayaw
  7487 | D:8      | Noticed a troll
  7498 | D:8      | Killed a troll
  8067 | D:8      | Gained mutation: You are completely covered in molten
                  | scales. (AC +4, rF+) [demonic ancestry]
  8067 | D:8      | Reached XP level 10. HP: 70/70 MP: 15/15
  8155 | D:8      | Found a sacrificial altar of Ru.
  8346 | D:8      | Noticed Psyche
  8361 | D:8      | Killed Psyche
  8361 | D:8      | Reached ****** piety under Uskayaw
  8721 | D:8      | Found a basalt altar of Yredelemnul.
  8871 | Lair:1   | Entered Level 1 of the Lair of Beasts
  8905 | Lair:1   | Reached skill level 12 in Axes
  8972 | Lair:1   | Noticed a five-headed hydra
  9130 | D:9      | Found a roughly hewn altar of Beogh.
  9657 | D:9      | Noticed Joseph
  9671 | D:9      | Killed Joseph
  9730 | D:10     | Entered Level 10 of the Dungeon
 10071 | D:10     | Got an ichor-stained mace
 10072 | D:10     | Identified the +6 mace of Soill {freeze, rN++} (You found
                  | it on level 10 of the Dungeon)
 10340 | D:10     | Reached skill level 5 in Fighting
 10815 | D:11     | Gained mutation: You have razor-sharp toenails. [demonic
                  | ancestry]
 10815 | D:11     | Reached XP level 11. HP: 72/79 MP: 18/18
 10840 | D:11     | Found a staircase to the Orcish Mines.
 11171 | D:11     | Killed an unseen horror
 11567 | Lair:1   | Killed a five-headed hydra
 11636 | Lair:1   | Reached skill level 10 in Invocations
 11669 | Lair:1   | Found a runed translucent gate.
 11669 | Lair:1   | Found a runed translucent gate.
 11669 | Lair:1   | Found a runed translucent gate.
 11669 | Lair:1   | Noticed Wuochyse's ghost (journeyman DEWz)
 11877 | Lair:1   | Reached skill level 13 in Axes
 11930 | Lair:1   | Reached skill level 5 in Armour
 12993 | Lair:2   | Noticed a five-headed hydra
 13003 | Lair:2   | Killed a five-headed hydra
 13459 | Lair:2   | Reached XP level 12. HP: 89/89 MP: 20/20
 14580 | Lair:3   | Found a staircase to the Swamp.
 14731 | Lair:3   | Reached skill level 14 in Axes
 14880 | Lair:3   | Noticed a catoblepas
 14884 | Lair:3   | Killed a catoblepas
 15322 | Lair:3   | Found a hole to the Spider Nest.
 15662 | Lair:4   | Noticed a five-headed hydra
 15678 | Lair:4   | Killed a five-headed hydra
 15751 | Lair:4   | Noticed a five-headed hydra
 15808 | Lair:4   | Killed a five-headed hydra
 16129 | Lair:4   | Noticed a five-headed hydra
 16142 | Lair:4   | Killed a five-headed hydra
 16142 | Lair:4   | Gained mutation: You regenerate health from kills. [demonic
                  | ancestry]
 16142 | Lair:4   | Reached XP level 13. HP: 81/99 MP: 22/22
 16906 | Lair:5   | You fall through a shaft!
 16906 | Lair:6   | Entered Level 6 of the Lair of Beasts
 17090 | Lair:6   | Reached skill level 15 in Axes
 18256 | Lair:6   | HP: 5/102 [oklob plant/splash of acid (11)]
 18256 | Lair:6   | Splashed by an oklob plant's acid

Skill      XL: |  1  2  3  4  5  6  7  8  9 10 11 12 13 |
---------------+----------------------------------------+-----
Axes           | 3 4 6 7 8 10 11 12 13 14 15 | 15.7
Invocations    | 2 5 7 9 11 12 13 | 13.6
Armour         | 2 4 5 7 8 |  8.7
Fighting       | 3 5 6 8 9 |  9.7
Throwing       | |  1.7
Dodging        | |  2.6

Action                   |  1- 3 |  4- 6 |  7- 9 | 10-12 | 13-15 || total
-------------------------+-------+-------+-------+-------+-------++-------
Melee: War axe           |   140 |   149 |   276 |       |       ||   565
       Kick              |       |    23 |   108 |   201 |   105 ||   437
       Battleaxe         |       |       |    85 |   664 |   319 ||  1068
       Mace              |       |       |       |    24 |     3 ||    27
Throw: Throwing net      |     2 |     1 |     1 |       |       ||     4
       Javelin           |       |       |     1 |    10 |       ||    11
Invok: Line Pass         |       |       |     2 |     1 |     1 ||     4
       Stomp             |       |       |       |     1 |       ||     1
       Grand Finale      |       |       |       |     1 |       ||     1
Evoke: Wand              |       |       |     4 |     3 |       ||     7
  Use: Potion            |     1 |     4 |       |     4 |     3 ||    12
       Scroll            |       |     5 |     4 |     4 |     3 ||    16
 Stab: Sleeping          |     2 |       |       |       |       ||     2
       Paralysed         |       |     2 |    15 |    56 |    55 ||   128
  Eat: Chunk             |     3 |     5 |    16 |    22 |     8 ||    54
       Ration            |       |       |       |     5 |       ||     5
Armor: Leather armour    |    28 |       |       |       |       ||    28
       Ring mail         |    45 |    45 |       |       |       ||    90
       Skin              |       |     3 |       |     1 |       ||     4
       Scale mail        |       |    10 |       |       |       ||    10
       Chain mail        |       |     3 |   235 |   568 |   240 ||  1046
Dodge: Dodged            |    88 |    81 |   130 |   366 |   253 ||   918
Block: Buckler           |       |       |    11 |       |       ||    11
